 Dungeon Crawl Stone Soup version 0.17-a0-1738-g82cdc46 (webtiles) character file.

72 kae the Insei (level 4, -6/35 HPs)
             Began as a Demonspawn Monk on Aug 30, 2015.
             Killed by divine providence
             ... invoked by an orc priest
              (14 damage)
             ... on level 3 of the Dungeon.
             The game lasted 00:01:11 (2198 turns).

kae the Insei (Demonspawn Monk)                     Turns: 2198, Time: 00:01:11

Health: -6/35      AC:  5    Str: 12    XL:     4   Next: 6%
Magic:  4/4        EV: 13    Int: 11    God:
Gold:   95         SH:  2    Dex: 16    Spells: 0 memorised, 3 levels left

rFire  . . .     SeeInvis .       - Unarmed
rCold  . . .     Clarity  .     a - +0 robe
rNeg   . . .     SustAt   .     (no shield)
rPois  .         Gourm    .     (no helmet)
rElec  .         Spirit   .     (no cloak)
rCorr  .         Warding  .     (no gloves)
rMut   .         Stasis   .     n - +0 pair of boots
MR     .....                    (no amulet)
Stlth  ++........               (no ring)
                                (no ring)

@: not resistant to hostile enchantments, unstealthy
A: large bone plates 1, demonic guardian 1
a: no special abilities


You were on level 3 of the Dungeon.
You were not hungry.

You visited 1 branch of the dungeon, and saw 3 of its levels.

You collected 95 gold pieces.

Inventory:

Armour
 a - a +0 robe (worn)
 n - a +0 pair of boots (worn)
Jewellery
 l - a cursed ring of loudness {unknown}
Scrolls
 d - 3 scrolls of remove curse {unknown}
 e - 2 scrolls of enchant weapon {unknown}
 g - a scroll of immolation {unknown}
 k - a scroll of identify {unknown}
 m - a scroll of teleportation {unknown}
Potions
 c - 3 potions of curing {unknown}
 h - a potion of heal wounds
Comestibles
 b - 2 bread rations
 f - a royal jelly
 i - a meat ration
 j - a beef jerky
 o - 2 chunks of flesh


   Skills:
 - Level 3.0 Fighting
 - Level 2.6 Dodging
 - Level 1.7 Stealth
 + Level 5.1 Unarmed Combat


You had 3 spell levels left.
You didn't know any spells.

Dungeon Overview and Level Annotations

Branches:
Dungeon (3/15)

Altars:


Innate Abilities, Weirdness & Mutations

You are partially covered in large bone plates (AC +2, SH +2).
A weak demonic guardian rushes to your aid.


Message History

Your quasit claws the orc priest but does no damage.
Your quasit bites the orc priest.
Your quasit barely misses the orc priest. x2
The orc priest closely misses your quasit.
Your quasit closely misses the orc priest.
Your quasit claws the orc priest but does no damage.
Your quasit claws the orc priest.
The orc wizard casts a spell.
The orc wizard flickers and vanishes!
Deactivating autopickup; reactivate with Ctrl-A.
You see here a jackal corpse.
Your quasit barely misses the orc priest.
Your quasit claws the orc priest but does no damage.
Your quasit claws the orc priest.
The orc priest completely misses your quasit.
Your quasit bites the orc priest.
Your quasit claws the orc priest but does no damage. x2
The orc priest calls down the wrath of Beogh upon you.
Something smites you!
You die...

##### #.# ....###.#
###.#.#.# ###....)#
........###############
###..........÷........#
###.#######.##.####.# #.#
#.##.# #.# #.# #.##@## #.#
##'## #.##..# #.# ##...##
#.###.# #.# ##.....##
#.###.###.# ##.......##
#.......).#
#.........####...5#####.#..
'.........+.......o.ob{o...
#.....†...####...######.#.#
##.......## ##..#


You could see an orc priest and a friendly quasit.

Vanquished Creatures
  2 adders
  An ooze (D:2)
  5 giant geckos
  4 bats
  6 hobgoblins
  4 jackals (D:3)
  6 kobolds
  2 giant cockroaches (D:1)
  2 giant newts (D:2)
  2 goblins (D:1)
  8 rats
42 creatures vanquished.

Notes
Turn   | Place    | Note
--------------------------------------------------------------
     0 | D:1      | kae the Demonspawn Monk began the quest for the Orb.
     0 | D:1      | Reached XP level 1. HP: 18/18 MP: 1/1
   199 | D:1      | Reached skill level 4 in Unarmed Combat
   222 | D:1      | Gained mutation: A weak demonic guardian rushes to your aid. [demonic ancestry]
   222 | D:1      | Reached XP level 2. HP: 24/24 MP: 2/2
  1081 | D:2      | Gained mutation: You are partially covered in large bone plates (AC +2, SH +2). [demonic ancestry]
  1081 | D:2      | Reached XP level 3. HP: 25/29 MP: 3/3
  1331 | D:2      | Found a faded altar to an unknown god.
  1893 | D:3      | Reached skill level 5 in Unarmed Combat
  2161 | D:3      | Reached XP level 4. HP: 35/35 MP: 4/4
  2198 | D:3      | Killed from afar by an orc priest

Vault maps used:
D:1:      dpeg_cavernosity, kennysheep_pointless_box
D:2:      ecumenical_altar_1
D:3:      lemuel_round_altar

Action                   |  1- 3 |  4- 6 || total
-------------------------+-------+-------++-------
Melee: Unarmed           |   134 |    12 ||   146
 Stab: Sleeping          |     9 |       ||     9
  Eat: Chunk             |     3 |     1 ||     4
